Map: Tourmaline LE

Players

Elazer

  • Race: Zerg Zerg
  • League: Master
  • Spawn Location: 7:00

A.I. 1 (Very Easy) - Winner!

  • Race: Protoss Protoss
  • Spawn Location: 1:00

VOD

Have the link to the VOD?

Description

Time

  • Played on: Feb. 17, 2026, 9:09 a.m.
  • Length: 6:09
Show
View Real Time Build Order
Export as new Build Order

Elazer Zerg 

Build Orders: Hatch First 

Get SALT Encoding   

  12  0:00  Drone  
  13  0:08  Drone  
  13  0:14  Extractor  
  13  0:15  Drone  
  15  0:34  Hatchery  
  14  0:39  Extractor  
  14  0:40  Drone  
  15  0:45  Overlord  
  15  1:00  Spawning Pool  
  15  1:03  Drone  
  15  1:07  Drone  
  15  1:10  Drone  
  17  1:17  Drone, Extractor  
  17  1:25  Drone  
  18  1:36  Drone  
  19  1:46  Queen x2  
  23  1:50  Drone  
  23  1:53  Drone  
  25  1:57  Drone  
  25  1:59  Drone  
  27  2:07  Drone  
  28  2:09  Overlord  
  28  2:22  Lair  
  28  2:26  Queen  
  28  2:28  Drone  
  31  2:30  Drone  
  31  2:35  Overlord  
  32  2:40  Drone x2  
  32  2:43  Drone  
  35  2:52  Drone  
  35  2:54  Drone x4  
  40  3:01  Roach Warren  
  40  3:05  Pneumatized Carapace  
  39  3:09  Overlord  
  39  3:13  Drone x2  
  39  3:15  Drone  
  39  3:19  Overseer  
  42  3:24  Extractor  
  42  3:25  Extractor  
  42  3:26  Drone x4  
  44  3:29  Drone x2  
  44  3:31  Drone  
  47  3:39  Evolution Chamber  
  48  3:41  Roach x2  
  48  3:46  Overlord  
  50  3:50  Extractor  
  50  3:55  Drone x3  
  52  3:56  Evolution Chamber  
  52  3:58  Glial Reconstitution  
  52  4:00  Drone  
  52  4:04  Drone  
  52  4:05  Drone  
  52  4:06  Overlord  
  52  4:08  Overlord  
  52  4:09  Roach  
  56  4:13  Roach  
  59  4:22  Hatchery  
  59  4:23  Roach  
  60  4:27  Roach x2  
  66  4:31  Roach  
  66  4:34  Roach  
  66  4:35  Roach  
  70  4:39  Overlord  
  70  4:43  Overlord  
  70  4:45  Roach x2  
  74  4:48  Roach  
  76  4:55  Overlord  
  76  4:57  Roach  
  76  4:58  Roach  
  80  5:03  Roach x2  
  80  5:05  Roach  
  86  5:08  Roach  
  88  5:15  Ravager x4  
  88  5:17  Overlord x2  
  88  5:18  Ravager  
  93  5:25  Ravager  
  94  5:30  Drone x6  
  100  5:35  Ravager  
  100  5:37  Drone x5  
  106  5:45  Ravager x2  
  106  5:49  Drone x3  
  111  5:52  Ravager  
  111  5:56  Drone  
Show
View Real Time Build Order
Export as new Build Order

A.I. 1 (Very Easy) Protoss - Winner!

Build Orders:  

Get SALT Encoding   

  12  0:00  Probe  
  13  0:13  Probe  
  14  0:20  Pylon  
  14  0:36  Assimilator  
  14  0:42  Gateway  
  14  0:45  Pylon  
  14  1:14  Assimilator  
  14  1:17  Probe  
  14  1:25  Probe  
  16  1:33  Probe  
  16  1:34  Cybernetics Core  
  17  1:43  Probe  
  18  1:55  Probe  
  18  2:00  Warp Gate  
  19  2:03  Probe  
  19  2:08  Stalker  
  22  5:26  Zealot  
  22  5:28  Probe  
  25  5:29  Pylon  
  25  5:30  Robotics Facility  
  25  5:36  Probe  
  24  5:44  Probe  
  25  5:54  Probe  
  26  6:02  Pylon  
  26  6:07  Zealot  
Tags
 
League
Master
Matchup
PvZ
Spawn Locations
Cross Positions
Add a new tag
Caveats
  • Supply blocks, unpowered buildings, or Contaminate may cause inaccurate times.
  • Supply counts are checked every 10 seconds.